 Dungeon Crawl Stone Soup version 0.29.1-4-g47bece8355 (webtiles) character file.

Game seed: 4770495415065351063

105958 trench the Fighter (level 15, 0/147 HPs)
             Began as a Red Draconian Venom Mage on Dec 1, 2022.
             Was a High Priest of Sif Muna.
             Slain by a ghost moth (5 damage)
             ... on level 3 of the Lair of Beasts on Dec 2, 2022.
             The game lasted 06:07:04 (53474 turns).

trench the Fighter (Red Draconian Venom Mage)      Turns: 53474, Time: 06:07:04

Health: 0/147      AC: 18    Str: 10 (13) XL:     15   Next: 96%
Magic:  0/38       EV: 18    Int: 16 (17) God:    Sif Muna [*****.]
Gold:   1394       SH:  0    Dex: 15 (17) Spells: 3/35 levels left

rFire   + . .      SeeInvis .   b - +9 long sword (freeze)
rCold   . . .      Faith    .   (no shield)
rNeg    . . .      Spirit   .   (body armour unavailable)
rPois   +          Reflect  .   (helmet restricted)
rElec   .          Harm     .   K - +2 cloak
rCorr   .          Rampage  .   r - +2 pair of gloves
Will    +....      Rnd*Tele +   I - +2 pair of boots
Stlth   +++.......              z - amulet of the acrobat
HPRegen 0.34/turn               d - ring of poison resistance
MPRegen 0.26/turn               y - ring of magical power

@: short of breath
A: breathe fire, AC +9, unfitting armour, fire resistance 1, cold-blooded, agile
1, robust 1, teleportitis 1
a: Breathe Fire, Renounce Religion, Channel Magic, Forget Spell, Divine Exegesis


You were on level 3 of the Lair of Beasts.
You worshipped Sif Muna.
Sif Muna was extremely pleased with you.
You visited 6 branches of the dungeon, and saw 24 of its levels.

You collected 3127 gold pieces.
You spent 1733 gold pieces at shops.

Inventory:

Hand Weapons
 b - a +9 long sword of freezing (weapon)
 t - the +5 scimitar "Vaghehug" {vorpal, rF- Dex+6}
   (You bought it in a shop on level 15 of the Dungeon)

   It inflicts extra damage upon your enemies.
   Dex:       It affects your dexterity (+6).
   rF:        It makes you vulnerable to fire.
Missiles
 c - 153 stones (quivered)
 g - 4 boomerangs of dispersal
 x - 33 poisoned darts
 D - 2 throwing nets
 N - 23 boomerangs
 U - 5 curare-tipped darts
Armour
 r - a +2 pair of gloves (worn)
 I - a +2 pair of boots (worn)
 K - a +2 cloak (worn)
Magical Staves
 a - a staff of poison
 M - a staff of fire
 P - a staff of conjuration
Jewellery
 d - a ring of poison resistance (left hand)
 e - a ring of protection from fire
 f - a +4 ring of protection
 n - a ring of fire
 y - a ring of magical power (right hand)
 z - an amulet of the acrobat (around neck)
 H - a ring of poison resistance
 J - a ring of resist corrosion
Wands
 k - a wand of charming (6)
 w - a wand of flame (31)
 E - a wand of digging (4)
 X - a wand of light (2)
Scrolls
 h - 3 scrolls of enchant weapon
 v - 3 scrolls of enchant armour
 B - 3 scrolls of amnesia
 C - 8 scrolls of magic mapping
 F - 4 scrolls of blinking
 G - 2 scrolls of fear
 L - a scroll of brand weapon
 S - 2 scrolls of teleportation
 Z - a scroll of fog
Potions
 i - 2 potions of might
 j - 7 potions of heal wounds
 m - a potion of berserk rage
 o - 2 potions of resistance
 p - 3 potions of invisibility
 s - 6 potions of brilliance
 A - a potion of magic
 Q - a potion of flight
 R - 2 potions of haste
 V - a potion of cancellation
Miscellaneous
 l - a lightning rod (4/4)
 Y - a tin of tremorstones (2/2)


   Skills:
 * Level 12.5 Fighting
 * Level 11.1 Long Blades
 * Level 12.2 Dodging
 + Level 6.0 Stealth
 + Level 10.9 Spellcasting
 - Level 11.0 Conjurations
 - Level 1.0 Transmutations
 * Level 11.4 Fire Magic
 - Level 2.0 Air Magic
 - Level 6.8 Poison Magic
 - Level 6.3 Invocations


You had 3 spell levels left.
You knew the following spells:

 Your Spells              Type           Power      Damage    Failure   Level
a - Sting                 Tmut/Pois      84%        1d7       1%          1
b - Poisonous Vapours     Pois/Air       44%        N/A       1%          2
c - Mephitic Cloud        Conj/Pois/Air  30%        N/A       1%          3
d - Olgreb's Toxic Radia  Pois           30%        N/A       4%          4
e - Starburst             Conj/Fire      22%        6d7       12%         6
f - Scorch                Fire           90%        2d9       1%          2
g - Fireball              Conj/Fire      22%        3d10      2%          5
i - Passwall              Tmut/Erth      8%         N/A       10%         2
j - Ignite Poison         Fire/Tmut/Pois 29%        N/A       1%          3
k - Sticky Flame          Conj/Fire      44%        2d6       1%          4

Your spell library contained the following spells:

 Spells                   Type           Power      Damage    Failure   Level
 Searing Ray              Conj           88%        2d7       1%          2
 Conjure Flame            Conj/Fire      44%        6-21      1%          3
 Dazzling Flash           Conj/Hex       52%        N/A       2%          3
 Stone Arrow              Conj/Erth      52%        3d10      2%          3
 Spider Form              Tmut/Pois      21%        N/A       4%          3
 Freeze                   Ice            32%        1d5       9%          1
 Summon Small Mammal      Summ           32%        N/A       9%          1
 Ensorcelled Hibernation  Hex/Ice        16%        N/A       13%         2
 Call Canine Familiar     Summ           8%         N/A       26%         3
 Frozen Ramparts          Ice            16%        1d3       26%         3
 Gell's Gravitas          Tloc           8%         N/A       26%         3
 Summon Guardian Golem    Hex/Summ       8%         N/A       26%         3
 Teleport Other           Tloc           8%         N/A       26%         3
 Tukima's Dance           Hex            8%         N/A       26%         3
 Vampiric Draining        Necr           8%         2d6       26%         3
 Flame Wave               Conj/Fire      44%        2d11      1%          4
 Iskenderun's Battlesphe  Conj           44%        2d10      2%          5
 Hailstorm                Conj/Ice       26%        3d7       9%          4
 Iskenderun's Mystic Bla  Conj/Tloc      26%        2d7       9%          4
 Airstrike                Air            7%         2d(2-18)  34%         4
 Freezing Cloud           Conj/Ice/Air   11%        6-21      36%         5
 Ice Form                 Ice/Tmut       10%        N/A       54%         4
 Orb of Destruction       Conj           22%        9d8       58%         7
 Anguish                  Hex/Necr       4%         N/A       63%         4
 Leda's Liquefaction      Hex/Erth       4%         N/A       63%         4
 Passage of Golubria      Tloc           8%         N/A       63%         4
 Blade Hands              Tmut           6%         N/A       83%         5
 Yara's Violent Unravell  Hex/Tmut       5%         3d4       88%         5
 Agony                    Necr           8%         N/A       93%         5
 Lee's Rapid Deconstruct  Erth           4%         3d6*      93%         5
 Summon Forest            Summ/Tloc      4%         N/A       93%         5
 Eringya's Noxious Bog    Tmut/Pois      10%        N/A       94%         6
 Ignition                 Fire           22%        3d8       99%         8
 Dispersal                Tloc           4%         N/A       100%        6
 Statue Form              Tmut/Erth      6%         N/A       100%        6
 Summon Cactus Giant      Summ           4%         N/A       100%        6
 Enfeeble                 Hex            4%         N/A       100%        7
 Ozocubu's Refrigeration  Ice            4%         4d8       100%        7
 Spellforged Servitor     Conj/Summ      13%        N/A       100%        7
 Summon Hydra             Summ           4%         N/A       100%        7


Dungeon Overview and Level Annotations

Branches:
Dungeon (15/15)            Temple (1/1) D:4            Lair (3/5) D:9
  Swamp (0/4) Lair:2       Spider (2/4) Lair:3          Orc (2/2) D:9
    Elf (0/3) Orc:2        Vaults (0/5) D:13         Depths (1/4) D:15

Altars:
Ashenzari
Cheibriados
Dithmenos
Elyvilon
Fedhas
Gozag
Hepliaklqana
Kikubaaqudgha
Makhleb
Nemelex Xobeh
Okawaru
Qazlal
Ru
Sif Muna
Trog
Uskayaw
Vehumet
Wu Jian
Xom
Yredelemnul
Zin
The Shining One

Shops:
D:3 =   D:5 *   D:7 [   D:15 ??!((   Orc:1 =   Orc:2 ?*([   Depths:1 [

Annotations:
D:7 1 runed translucent door, ratmagoo's ghost, novice GrEE
D:15 Roxanne


Innate Abilities, Weirdness & Mutations

You can breathe blasts of fire.
Your fiery red scales are hard. (AC +9)
You cannot fit into any form of body armour.
Your flesh is heat resistant. (rF+)
You are cold-blooded and may be slowed by cold attacks.
You are agile. (Dex +4, Str/Int -1)
You are robust. (+10% HP)
You are occasionally teleported next to monsters.


Message History

You feel your power leaking away.
Aiming: Breathe Fire (1% risk of failure)
Press: ? - help, Shift-Dir - straight line You breathe a blast of fire.
Something hits you but does no damage. x2
Something stings you.
* * * LOW HITPOINT WARNING * * *
You feel better. Something hits you!
* * * LOW HITPOINT WARNING * * *
You feel clumsy. Something hits you.
* * * LOW HITPOINT WARNING * * *
You feel clumsy. Something closely misses you.
You feel you are being watched by something.
Something hits you but does no damage. Something hits you!
* * * LOW HITPOINT WARNING * * *
You feel weakened. Something stings you!
* * * LOW HITPOINT WARNING * * *
Blink to where?
Press: ? - help, Dir - move target
Okay, then.
You feel better.
Something hits you but does no damage. x2
Something stings you.
* * * LOW HITPOINT WARNING * * *
You feel better.
Something hits you but does no damage. x2
Something stings you but does no damage.
You feel better.
You feel you are being watched by something.
You feel your power leaking away. Something hits you!
* * * LOW HITPOINT WARNING * * *
You feel weakened. Something hits you.
* * * LOW HITPOINT WARNING * * *
Something stings you but does no damage.
Something hits you.
* * * LOW HITPOINT WARNING * * *
Something hits you.
You die...

#P#...........................รท..
###....#..##.P........###.##^....
###.....####.##โ‰ˆโ‰ˆโ‰ˆ##.####.#......
##.......# ####...#####....#.....
##......## ##..>..## #...#......
###....## ##^#...#^###..........
.##....# ##^###.#.#.##...#......
###....# #.#.#{############.....
#P.....#####.#^#@###.###.#.P.....
...!......###.#^#.#.###..........
..........##^###.###.##..........
..........#^#.#...#.#.#..........
..........####....^####..........
...........####...####...........
.................................
....................###...##.....
...P.....####.......####.###.....


There were no monsters in sight!

Vanquished Creatures
  A stone giant (D:15)
  Snorg (D:10)
  Josephine (Orc:2)
  Harold (Orc:1)
  6 boulder beetles
  2 vault guards (D:13)
  13 hydras
  4 centaur warriors
  A catoblepas (Lair:3)
  The ghost of Gibbon the Dealer of Despair, a journeyman DsNe of Kikubaaqudgha (D:9)
  7 two-headed ogres
  2 death knights
  A deep troll earth mage (Depths:1)
  3 tengu warriors (D:15)
  The ghost of warriortoast the Conjurer, a novice DrCj of Hepliaklqana (D:8)
  Urug (D:12)
  Sonja (D:12)
  A pharaoh ant (Spider:1)
  3 skeletal warriors
  2 orb spiders
  Lodul (D:10)
  A death drake (shapeshifter) (D:13)
  A steelbarb worm (Spider:1)
  Pikel (D:7)
  11 orc knights
  A wizard (D:13)
  5 lindwurms
  A deep elf pyromancer (D:15)
  8 wolf spiders
  4 manticores
  14 ugly things
  6 cyclopes
  2 moths of wrath (Spider:1)
  3 orc sorcerers
  Joseph (D:7)
  A black mamba (Lair:1)
  A torpor snail (Spider:1)
  Maggie (D:6)
  10 cane toads
  2 gargoyles
  7 yaktaurs
  4 efreet
  4 rime drakes
  A tengu conjurer (D:15)
  4 demonic crawlers (Spider:1)
  A freezing wraith (D:12)
  11 komodo dragons
  6 trolls
  6 meliai
  A polar bear (Lair:2)
  14 slime creatures
  7 tarantellas
  3 hornets (Lair:2)
  5 blink frogs (Lair:1)
  2 spriggans (D:9)
  12 jumping spiders
  7 culicivoras
  20 yaks
  The ghost of Kazon the Trooper, an amateur NaBe of Trog (D:3)
  3 basilisks
  A water elemental (D:11)
  3 shadows
  21 humans (D:13)
  2 wyverns
  6 wraiths
  A steam dragon (D:9)
  11 vampire mosquitoes
  26 redbacks
  15 wargs
  Menkaure (D:7)
  2 swamp worms (Lair:2)
  8 water moccasins
  38 orc warriors
  A sky beast (D:7)
  4 black bears
  3 wolves (Orc:2)
  15 ogres
  A centaur (D:8)
  A lemure (D:8)
  2 kobold brigands
  2 necrophages (D:6)
  A gnoll sergeant (D:9)
  14 bullfrogs
  3 scorpions
  18 wights
  6 killer bees
  8 howler monkeys
  6 electric eels (D:12)
  15 orc priests
  3 hounds
  A gnoll bouda (D:9)
  A jelly (D:5)
  Ijyb (D:3)
  3 iguanas
  17 orc wizards
  11 gnolls
  17 adders
  2 shadow imps (D:7)
  3 white imps
  A worm (shapeshifter) (D:15)
  3 worms
  2 dart slugs
  102 orcs
  6 ball pythons
  9 endoplasms
  6 giant cockroaches
  12 goblins
  12 hobgoblins
  4 jackals
  3 quokkas
  7 bats
  4 frilled lizards
  A jackal skeleton (D:7)
  20 kobolds
  2 rats
735 creatures vanquished.

Vanquished Creatures (collateral kills)
  An acid dragon (D:11)
  An orc warrior (D:15)
2 creatures vanquished.

Vanquished Creatures (others)
  2 hydras
  A human (D:7)
  12 fungi
  45 plants
60 creatures vanquished.

Grand Total: 797 creatures vanquished

Notes
Turn   | Place    | Note
-------+----------+-------------------------------------------
     0 | D:1      | trench the Draconian Venom Mage began the quest for the
                  | Orb.
     0 | D:1      | Reached XP level 1. HP: 14/14 MP: 3/3
   338 | D:1      | Reached XP level 2. HP: 13/22 MP: 1/5
  1580 | D:1      | Learned a level 2 spell: Poisonous Vapours
  1815 | D:2      | Noticed a shining eye
  1821 | D:2      | Found a faded altar of an unknown god.
  1823 | D:2      | Noticed a golden eye
  1824 | D:2      | Noticed a golden eye
  1824 | D:2      | Noticed a great orb of eyes
  1833 | D:2      | Reached XP level 3. HP: 27/27 MP: 0/6
  2070 | D:2      | Reached skill level 1 in Fighting
  2266 | D:2      | Reached XP level 4. HP: 35/35 MP: 4/7
  2652 | D:2      | Found a blossoming altar of Fedhas.
  3018 | D:2      | Reached skill level 1 in Conjurations
  3125 | D:2      | Learned a level 3 spell: Mephitic Cloud
  3265 | D:3      | Noticed a scorpion
  3291 | D:3      | Killed a scorpion
  3292 | D:3      | Reached skill level 1 in Air Magic
  3292 | D:3      | Reached XP level 5. HP: 26/40 MP: 1/9
  3810 | D:3      | Noticed Ijyb
  3828 | D:3      | Killed Ijyb
  3968 | D:3      | Found a shimmering blue altar of Sif Muna.
  3974 | D:3      | Became a worshipper of Sif Muna the Loreminder
  4650 | D:3      | Found a runed translucent door.
  4656 | D:3      | Noticed Kazon's ghost (amateur NaBe)
  4667 | D:3      | Found Cattimink's Jewellery Shop.
  4975 | D:4      | Found a burning altar of Makhleb.
  5096 | D:4      | Reached XP level 6. HP: 46/47 MP: 2/10
  5690 | D:4      | Reached * piety under Sif Muna
  5892 | D:4      | Found a staircase to the Ecumenical Temple.
  5903 | Temple   | Entered the Ecumenical Temple
  5903 | Temple   | Found a transporter.
  5903 | Temple   | Found a transporter.
  5905 | Temple   | Found a transporter.
  5905 | Temple   | Found a transporter.
  6310 | D:5      | Entered Level 5 of the Dungeon
  6402 | D:4      | Gained mutation: You have very sharp teeth. [potion of
                  | mutation]
  6402 | D:4      | Gained mutation: You are agile. (Dex +4, Str/Int -1)
                  | [potion of mutation]
  6402 | D:4      | Gained mutation: Your flesh is cold resistant. (rC+)
                  | [potion of mutation]
  6884 | D:5      | Your scales start taking on a fiery red colour.
  6884 | D:5      | Reached XP level 7. HP: 55/56 MP: 8/12
  6884 | D:5      | Gained mutation: Your flesh is heat resistant. (rF+) [Red
                  | Draconian growth]
  7134 | D:5      | Reached skill level 1 in Invocations
  7159 | D:5      | Found Etihareive's Assorted Antiques.
  7699 | D:6      | Reached skill level 5 in Poison Magic
  7821 | D:6      | Noticed Maggie
  7857 | D:6      | Killed Maggie
  7858 | D:6      | Reached XP level 8. HP: 66/66 MP: 3/14
  8664 | D:6      | Learned a level 4 spell: Olgreb's Toxic Radiance
  8783 | D:6      | Found a shimmering altar of Xom.
  8888 | D:6      | Reached skill level 5 in Fighting
  9182 | D:7      | Learned a level 2 spell: Ensorcelled Hibernation
  9406 | D:7      | Found a runed translucent door.
  9411 | D:7      | Found a basalt altar of Yredelemnul.
  9471 | D:7      | Noticed Menkaure
  9475 | D:7      | Killed Menkaure
  9685 | D:7      | Found a runed translucent door.
  9685 | D:7      | Noticed a +1 long sword of chaos
  9686 | D:7      | Found a shimmering altar of Xom.
  9686 | D:7      | Noticed ratmagoo's ghost (novice GrEE)
  9707 | D:7      | Found a radiant altar of Vehumet.
  9900 | D:7      | Reached skill level 5 in Dodging
  9934 | D:7      | Found Plog's Antique Armour Boutique.
  9945 | D:7      | Bought a glowing cloak for 232 gold pieces
 10106 | D:7      | Reached XP level 9. HP: 63/74 MP: 7/15
 10148 | D:7      | Reached ** piety under Sif Muna
 10273 | D:7      | Noticed Pikel
 10486 | D:8      | Found a transporter.
 10493 | D:8      | Noticed a troll
 10593 | D:8      | Noticed warriortoast's ghost (novice DrCj)
 10624 | D:8      | Reached skill level 1 in Long Blades
 10790 | D:8      | Identified the +1 robe "Ledduozu" {Rampage Regen+ Dex+2}
 10801 | D:8      | Found a transporter.
 10879 | D:9      | Noticed a two-headed ogre
 11238 | D:8      | Reached skill level 5 in Spellcasting
 11760 | D:7      | Identified the +6 spear "Giantslayer" {drain, *Slow Fly
                  | MP+9 Dex+4}
 11987 | D:7      | Killed Pikel
 12052 | D:7      | Noticed Joseph
 12187 | D:7      | Killed Joseph
 12785 | D:9      | Found a staircase to the Lair.
 12816 | D:9      | Found a blossoming altar of Fedhas.
 12919 | D:9      | Killed a two-headed ogre
 12920 | D:9      | Reached XP level 10. HP: 62/86 MP: 8/18
 13317 | D:9      | Found an iron altar of Okawaru.
 13318 | D:9      | Found a glowing silver altar of Zin.
 13608 | D:9      | Reached skill level 5 in Invocations
 14826 | D:9      | Found a runed translucent door.
 14829 | D:9      | Identified the +8 trident of Cyixtedoy {freeze, +Blink}
 14829 | D:9      | Noticed Gibbon's ghost (journeyman DsNe)
 14842 | D:9      | Found a staircase to the Orcish Mines.
 15064 | D:10     | Entered Level 10 of the Dungeon
 15064 | D:10     | Noticed a two-headed ogre
 15479 | Lair:1   | Entered Level 1 of the Lair of Beasts
 15480 | Lair:1   | Noticed a cane toad
 15492 | Lair:1   | Killed a cane toad
 15803 | Lair:1   | Reached skill level 5 in Long Blades
 16022 | Lair:1   | Reached *** piety under Sif Muna
 16023 | Lair:1   | Reached XP level 11. HP: 84/95 MP: 4/20
 17273 | Lair:1   | You fall into a shaft and drop 1 floor!
 17532 | Lair:1   | Noticed an eight-headed hydra
 17604 | Lair:2   | Lost mutation: You are agile. (Dex +4, Str/Int -1) [potion
                  | of mutation]
 17604 | Lair:2   | Lost mutation: Your flesh is cold resistant. (rC+) [potion
                  | of mutation]
 17604 | Lair:2   | Lost mutation: You have very sharp teeth. [potion of
                  | mutation]
 17604 | Lair:2   | Gained mutation: You are agile. (Dex +4, Str/Int -1)
                  | [potion of mutation]
 17604 | Lair:2   | Gained mutation: You have sharp toenails. [potion of
                  | mutation]
 17688 | Lair:2   | Noticed a lindwurm
 17705 | Lair:2   | Killed a lindwurm
 17887 | Lair:2   | Noticed an eight-headed hydra
 18124 | Lair:2   | Noticed a six-headed hydra
 19251 | Lair:1   | Lost mutation: You have sharp toenails. [potion of
                  | mutation]
 19251 | Lair:1   | Lost mutation: You are agile. (Dex +4, Str/Int -1) [potion
                  | of mutation]
 19251 | Lair:1   | Gained mutation: You passively dampen the noise of your
                  | surroundings. [potion of mutation]
 19251 | Lair:1   | Gained mutation: Your magical capacity is low. (-10% MP)
                  | [potion of mutation]
 20360 | D:10     | Noticed Lodul
 20661 | D:10     | Killed Lodul
 20662 | D:10     | Reached skill level 10 in Fighting
 21055 | D:10     | Found a glowing golden altar of the Shining One.
 21301 | D:10     | Found an opulent altar of Gozag.
 21359 | D:10     | Noticed Snorg
 21415 | D:10     | Killed Snorg
 21415 | D:10     | Reached **** piety under Sif Muna
 22120 | D:11     | Noticed a two-headed ogre
 22130 | D:11     | Killed a two-headed ogre
 22131 | D:11     | Reached XP level 12. HP: 104/107 MP: 6/21
 22345 | D:11     | Found a transporter.
 22349 | D:11     | Found a transporter.
 22349 | D:11     | Found a transporter.
 22349 | D:11     | Found a transporter.
 22757 | D:11     | Reached skill level 1 in Fire Magic
 22847 | D:11     | Noticed a two-headed ogre
 22860 | D:11     | Killed a two-headed ogre
 24112 | D:12     | Noticed a five-headed hydra
 24326 | D:11     | Learned a level 2 spell: Scorch
 24758 | D:12     | Noticed Sonja
 24765 | D:12     | Killed Sonja
 24766 | D:12     | Reached skill level 5 in Fire Magic
 25273 | D:12     | Learned a level 4 spell: Flame Wave
 25452 | D:12     | Found a broken altar of Ashenzari.
 25519 | D:12     | Noticed a seven-headed hydra
 25594 | D:12     | Noticed Urug
 26104 | D:12     | Killed Urug
 26645 | D:12     | Noticed a two-headed ogre
 26659 | D:12     | Killed a two-headed ogre
 27120 | D:12     | Reached skill level 10 in Dodging
 27211 | D:12     | Noticed a four-headed hydra
 27226 | D:12     | Killed a four-headed hydra
 27775 | D:12     | Killed a seven-headed hydra
 28189 | D:13     | Noticed a six-headed hydra
 28197 | D:13     | Killed a six-headed hydra
 28317 | D:13     | Noticed a centaur warrior
 28330 | D:13     | Killed a centaur warrior
 28331 | D:13     | Reached XP level 13. HP: 97/114 MP: 19/23
 31024 | D:13     | Found a gate to the Vaults.
 31065 | D:13     | Reached skill level 10 in Fire Magic
 31881 | D:14     | Noticed a fire dragon
 32997 | D:14     | Found a hazy altar of Hepliaklqana.
 33487 | D:14     | Reached ***** piety under Sif Muna
 33932 | D:15     | Entered Level 15 of the Dungeon
 33943 | D:15     | Found Domopar's Distillery.
 33946 | D:15     | Noticed Roxanne
 33956 | D:15     | Bought a potion of mutation for 120 gold pieces
 33956 | D:15     | Bought a potion of heal wounds for 75 gold pieces
 33956 | D:15     | Bought a potion of haste for 150 gold pieces
 34296 | D:15     | Lost mutation: You passively dampen the noise of your
                  | surroundings. [potion of mutation]
 34296 | D:15     | Lost mutation: Your magical capacity is low. (-10% MP)
                  | [potion of mutation]
 34296 | D:15     | Gained mutation: You are clumsy. (Dex -2) [potion of
                  | mutation]
 34296 | D:15     | Gained mutation: Your flesh is very heat resistant. (rF++)
                  | [potion of mutation]
 34296 | D:15     | Gained mutation: Your mind is acute. (Int +4, Str/Dex -1)
                  | [potion of mutation]
 34344 | D:15     | Found Anahul's Magic Scroll Boutique.
 34579 | D:15     | Reached XP level 14. HP: 90/124 MP: 18/27
 34656 | D:15     | Received a gift from Sif Muna
 34657 | D:15     | Reached skill level 10 in Spellcasting
 34912 | D:15     | Got Sif Muna's Compendium of Transmutation and Outbursts
                  | {god gift}
 34917 | D:15     | Learned a level 3 spell: Tukima's Dance
 34920 | D:15     | Learned a level 2 spell: Passwall
 36026 | D:15     | Found Geloy's Weapon Shop.
 36291 | D:15     | Found Pigets's Antique Weapon Shop.
 36299 | D:15     | Bought a twisted scimitar for 315 gold pieces
 36299 | D:15     | Identified the +5 scimitar "Vaghehug" {vorpal, rF- Dex+6}
                  | (You bought it in a shop on level 15 of the Dungeon)
 36362 | D:15     | Found Akuont's Magic Scroll Shop.
 36370 | D:15     | Bought a scroll of enchant weapon for 97 gold pieces
 36370 | D:15     | Bought a scroll of blinking for 97 gold pieces
 36370 | D:15     | Bought a scroll of blinking for 97 gold pieces
 36397 | D:15     | Bought a scroll of magic mapping for 90 gold pieces
 36717 | D:15     | Reached skill level 10 in Long Blades
 36843 | D:15     | Found a staircase to the Depths.
 36843 | D:15     | Noticed a stone giant
 36987 | D:15     | Killed a stone giant
 36988 | D:15     | Reached skill level 5 in Stealth
 37146 | Depths:1 | Entered Level 1 of the Depths
 37146 | Depths:1 | Found Zotriox's Antique Armour Emporium.
 37154 | Depths:1 | Noticed a frost giant
 37161 | Depths:1 | Noticed a fire giant
 38487 | D:9      | Killed Gibbon's ghost
 38878 | D:8      | Found a hide-covered altar of Uskayaw.
 39619 | D:3      | Killed Kazon's ghost
 40115 | Orc:1    | Entered Level 1 of the Orcish Mines
 40201 | Orc:1    | Found Ytomias's Jewellery Emporium.
 40213 | Orc:1    | Bought an amulet of the acrobat for 330 gold pieces
 40469 | Orc:2    | Entered Level 2 of the Orcish Mines
 42604 | Orc:2    | Noticed Josephine
 42730 | Orc:2    | Killed Josephine
 43471 | Orc:2    | Received a gift from Sif Muna
 43548 | Orc:2    | Got Sif Muna's Monograph on Mortification and Variation
                  | {god gift}
 43595 | Orc:2    | Reached skill level 5 in Conjurations
 43720 | Orc:2    | Found Jadodiag's General Store.
 43720 | Orc:2    | Found Otosumab's Magic Scroll Shop.
 43803 | Orc:2    | Bought a potion of mutation for 104 gold pieces
 43803 | Orc:2    | Bought 5 poisoned darts for 26 gold pieces
 43803 | Orc:2    | Lost mutation: Your flesh is very heat resistant. (rF++)
                  | [potion of mutation]
 43803 | Orc:2    | Lost mutation: Your mind is acute. (Int +4, Str/Dex -1)
                  | [potion of mutation]
 43803 | Orc:2    | Lost mutation: You are clumsy. (Dex -2) [potion of
                  | mutation]
 43803 | Orc:2    | Gained mutation: You are robust. (+10% HP) [potion of
                  | mutation]
 43803 | Orc:2    | Gained mutation: You are occasionally teleported next to
                  | monsters. [potion of mutation]
 43803 | Orc:2    | Gained mutation: You are agile. (Dex +4, Str/Int -1)
                  | [potion of mutation]
 44786 | Orc:2    | Found Banloet's Antique Armour Shoppe.
 44786 | Orc:2    | Found Poarim's Weapon Shop.
 45102 | Orc:2    | Found a staircase to the Elven Halls.
 45274 | Orc:1    | Noticed Harold
 45287 | Orc:1    | Killed Harold
 45740 | D:8      | Killed warriortoast's ghost
 46662 | D:13     | Reached XP level 15. HP: 143/145 MP: 17/29
 46915 | D:13     | Identified a scroll of acquirement
 46915 | D:13     | Acquired an Everburning Encyclopedia
 46923 | D:13     | Learned a level 3 spell: Ignite Poison
 46928 | D:13     | Learned a level 4 spell: Sticky Flame
 46937 | D:13     | Learned a level 6 spell: Starburst
 48711 | Lair:2   | Reached skill level 10 in Conjurations
 49139 | Lair:2   | Found a staircase to the Swamp.
 50220 | Lair:3   | Received a gift from Sif Muna
 50251 | Lair:3   | Got Sif Muna's Writings on Forceful Clouds {god gift}
 50260 | Lair:3   | Learned a level 5 spell: Fireball
 50528 | Lair:3   | Found a hole to the Spider Nest.
 51287 | Spider:1 | Entered Level 1 of the Spider Nest
 53474 | Lair:3   | HP: 5/147 [something (5)]
 53474 | Lair:3   | Slain by a ghost moth

Illustrated notes

Levels and vault maps discovered:
D:1:      onia_arrival_handbag, layout_loops_corners, hex_medium
D:2:      minmay_general_purpose_star, layout_rooms, basic_altar,
          hellmonk_ecumenical_altar_watching_god, wad_orctagon
D:3:      minmay_diamond_boxcup, layout_loops_ring, old_standard_altar,
          serial_shops, nicolae_shop_behind_doors,
          ebering_ghost_reflecting_pool, eino_tiny_chamber, uniq_ijyb
D:4:      layout_loops_ring, general_overflow_altar,
          minmay_temple_entry_drinking_statues
D:5:      layout_gridville, serial_shops, nicolae_shop_trees,
          minmay_misc_feat_rows
D:6:      layout_loops_ring, mainiacjoe_overflow_surrounded_room, uniq_maggie
D:7:      layout_cave_pods, mainiacjoe_overflow_paths, dk_yredelemnul_ordeal,
          serial_shops, shop_statue, ebering_ghost_xom, uniq_pikel, uniq_joseph,
          uniq_menkaure
D:8:      layout_basic, dancing_weapons_uskayaw, nzn_ghost_randoct,
          enter_bailey_3, amethyst_killhole
D:9:      layout_basic, mainiacjoe_overflow_concentric_impassable,
          mainiacjoe_overflow_divided_tiny, orc_0_dummy,
          ebering_ghost_funeral_grove, minmay_misc_feat_iff
D:10:     layout_rooms, marbit_many_paths, lemuel_crystal_altar,
          kennysheep_generic_room_14, uniq_snorg, uniq_lodul
D:11:     layout_cave_pods, kennysheep_flooded_box, nicolae_diode_intersection
D:12:     layout_basic, nicolae_ashenzari_panopticon, uniq_sonja, uniq_urug
D:13:     layout_small_grid, grunt_vaults_entry_tiered, serial_rivers,
          chequers_serial_rivers_large_a, chequers_serial_rivers_micro_e,
          chequers_serial_rivers_large_b, chequers_serial_rivers_micro_c,
          minivault_12
D:14:     layout_roguey [special_room_orc], gauntlet_entry_generic, basic_altar
D:15:     grunt_enter_depths_snipers, layout_irregular_city, serial_shops,
          nicolae_square_shop, nicolae_shop_bloodbath_and_beyond, shop, shop,
          nicolae_shop_crystal, uniq_roxanne
Temple:   hellmonk_temple_divided_pantheon
Lair:1:   layout_layer_cave, infiniplex_staircase_pool
Lair:2:   cheibrodos_lair_overgrown_chateau, layout_long_grid,
          palyth_hydra_swamp_entry
Lair:3:   layout_regular_city, nicolae_spider_entry_tight_spaces,
          minmay_lindwurm_lava, lemuel_fruit_tree
Spider:1: layout_spider_delve, nicolae_spider_webs_and_nodes
Spider:2: layout_spider_delve, drop_trap
Orc:1:    layout_caves, serial_shops, nicolae_shop_crystal, uniq_harold
Orc:2:    st_orc_town, layout_caves, mines5_lemuel, uniq_josephine
Depths:1: minmay_coctagon, layout_cave_shapes, enter_ziggurat_d,
          grunt_metal_band, serial_shops, shop, shop, nicolae_shop_hallway_plus,
          shop, nicolae_shop_overgrown_old_shop, led_sif_pool,
          lemuel_zombie_altar_kikubaaqudgha, uniq_asterion

Skill      XL: |  1  2  3  4  5  6  7  8  9 10 11 12 13 14 15 |
---------------+----------------------------------------------+-----
Dodging        | 2 3 5 6 7 9 10 11 12 | 12.2
Stealth        | 2 3 4 5 6 |  6.0
Fighting       | 1 2 3 5 7 8 10 11 12 | 12.5
Conjurations   | 1 2 7 11 | 11.0
Air Magic      | 1 2 |  2.0
Spellcasting   | 3 4 5 6 7 8 9 10 | 10.9
Poison Magic   | 4 5 6 |  6.8
Invocations    | 2 3 4 5 6 |  6.3
Long Blades    | 4 5 6 8 9 10 11 | 11.1
Fire Magic     | 7 10 11 | 11.4
Transmutations | |  1.0

Action                   |  1- 3 |  4- 6 |  7- 9 | 10-12 | 13-15 || total
-------------------------+-------+-------+-------+-------+-------++-------
Melee: Whip              |     9 |       |       |       |       ||     9
       Dagger            |    47 |    10 |       |       |       ||    57
       Tailslap          |     4 |    25 |    23 |    86 |   102 ||   240
       Mace              |       |   156 |    71 |   131 |     4 ||   362
       Punch             |       |     2 |     4 |     6 |    13 ||    25
       Bite              |       |     1 |    17 |    16 |       ||    34
       Halberd           |       |       |    25 |       |       ||    25
       Long sword        |       |       |    71 |   321 |   552 ||   944
       Staff             |       |       |     4 |    21 |     5 ||    30
       Kick              |       |       |       |    14 |       ||    14
       Scimitar          |       |       |       |    13 |    78 ||    91
Throw: Stone             |     5 |     9 |    28 |    12 |    23 ||    77
       Dart              |       |     5 |    33 |     9 |     5 ||    52
       Boomerang         |       |     5 |       |       |       ||     5
       Javelin           |       |       |       |    13 |    23 ||    36
       Throwing net      |       |       |       |       |     1 ||     1
 Cast: Sting             |    35 |    54 |    28 |     9 |       ||   126
       Poisonous Vapours |    17 |    39 |    38 |   107 |   160 ||   361
       Mephitic Cloud    |       |     9 |    34 |    80 |    76 ||   199
       Olgreb's Toxic Ra |       |       |    13 |    73 |   159 ||   245
       Ensorcelled Hiber |       |       |       |     8 |     4 ||    12
       Scorch            |       |       |       |    19 |   207 ||   226
       Tukima's Dance    |       |       |       |       |     6 ||     6
       Ignite Poison     |       |       |       |       |    20 ||    20
       Starburst         |       |       |       |       |     1 ||     1
Invok: Channel Magic     |       |       |       |       |     2 ||     2
 Abil: Breathe Fire      |       |       |     3 |    11 |    53 ||    67
Evoke: Wand              |       |       |     2 |     4 |    13 ||    19
  Use: Scroll            |       |     5 |     2 |    14 |    13 ||    34
       Potion            |       |     2 |     3 |     5 |    20 ||    30
 Stab: Sleeping          |       |     2 |       |     3 |     1 ||     6
       Confused          |       |       |     4 |    13 |    12 ||    29
       Invisible         |       |       |       |       |     2 ||     2
       Distracted        |       |       |       |       |     2 ||     2
Armor: Skin              |    26 |    84 |    95 |   205 |   402 ||   812
Dodge: Dodged            |    66 |   118 |   202 |   531 |   966 ||  1883
